% Time on Ice - SACRAMENTO BANDITS
Lines # - Real PCT - Wanted PCT - Time Play
Normal Forward
1 - 36% - 36% - 19:23
2 - 30% - 31% - 16:28
3 - 24% - 23% - 13:07
4 - 10% - 10% - 5:09
Normal Defense
1 - 32% - 36% - 17:15
2 - 34% - 31% - 18:15
3 - 30% - 23% - 16:22
4 - 4% - 10% - 2:15
PP Forward
1 - 75% - 55% - 0:48
2 - 25% - 45% - 0:16
PP Defense
1 - 75% - 55% - 0:48
2 - 25% - 45% - 0:16
PK Forward
1 - 79% - 55% - 3:47
2 - 21% - 45% - 1:02
PK Defense
1 - 54% - 55% - 2:36
2 - 46% - 45% - 2:13
PK3 Forward
1 - 0% - 55%
2 - 0% - 45%
PK3 Defense
1 - 0% - 55%
2 - 0% - 45%
44 Forward
1 - 0% - 55%
2 - 0% - 45%
44 Defense
1 - 0% - 55%
2 - 0% - 45%
Last Minute Offensive  - 0:00
Last Minute Defensive  - 0:00
Total
Forward - 60:00
Defense - 60:00
% Time on Ice - REGINA FALCONS
Lines # - Real PCT - Wanted PCT - Time Play
Normal Forward
1 - 35% - 36% - 19:04
2 - 31% - 31% - 16:52
3 - 23% - 23% - 12:18
4 - 11% - 10% - 5:53
Normal Defense
1 - 32% - 36% - 17:24
2 - 33% - 31% - 17:50
3 - 29% - 23% - 15:48
4 - 6% - 10% - 3:05
PP Forward
1 - 79% - 55% - 3:49
2 - 21% - 45% - 1:00
PP Defense
1 - 34% - 55% - 1:37
2 - 66% - 45% - 3:12
PK Forward
1 - 66% - 55% - 0:42
2 - 34% - 45% - 0:22
PK Defense
1 - 41% - 55% - 0:26
2 - 59% - 45% - 0:38
PK3 Forward
1 - 0% - 55%
2 - 0% - 45%
PK3 Defense
1 - 0% - 55%
2 - 0% - 45%
44 Forward
1 - 0% - 55%
2 - 0% - 45%
44 Defense
1 - 0% - 55%
2 - 0% - 45%
Last Minute Offensive  - 0:00
Last Minute Defensive  - 0:00
Total
Forward - 60:00
Defense - 60:00
Play-by-Play 1st period 0:01 of 1st period - David Perron wins face-off versus Rickard Rakell in neutral zone. 0:04 of 1st period - Shot by Blake Wheeler. 0:04 of 1st period - Stopped by Strauss Mann with a rebound. 0:06 of 1st period - Shot by Blake Wheeler. 0:06 of 1st period - Stopped by Strauss Mann without a rebound. 0:07 of 1st period - Mark Scheifele wins face-off versus Simon Ryfors in REGINA FALCONS zone. 0:11 of 1st period - Marcus Johansson is hit by Ivan Provorov and loses puck. 0:33 of 1st period - Shot by Eric Robinson. 0:33 of 1st period - Shot Misses the Net. 0:35 of 1st period - Shot by Eric Robinson. 0:35 of 1st period - Stopped by Jaroslav Halak without a rebound. 0:36 of 1st period - Eetu Luostarinen wins face-off versus Greg Meireles in SACRAMENTO BANDITS zone. 1:36 of 1st period - Shot by John Klingberg. 1:36 of 1st period - Stopped by Jaroslav Halak without a rebound. 1:37 of 1st period - Nico Hischier wins face-off versus Simon Ryfors in SACRAMENTO BANDITS zone. 2:11 of 1st period - Shot by David Perron. 2:11 of 1st period - Shot Blocked by Erik Gustafsson. 2:13 of 1st period - Shot by Ryan McDonagh. 2:13 of 1st period - Stopped by Strauss Mann with a rebound. 2:19 of 1st period - Shot by David Perron. 2:19 of 1st period - Shot Misses the Net. 2:21 of 1st period - Shot by Nico Hischier. 2:21 of 1st period - Deflect By Blake Wheeler. 2:21 of 1st period - Stopped by Strauss Mann with a rebound. 2:41 of 1st period - Rickard Rakell is hit by Mark Scheifele and loses puck. 2:48 of 1st period - Shot by Mark Scheifele. 2:48 of 1st period - Shot Misses the Net. 2:50 of 1st period - Shot by Mark Scheifele. 2:50 of 1st period - Stopped by Strauss Mann without a rebound. 2:51 of 1st period - Sammy Walker wins face-off versus Patrick Maroon in REGINA FALCONS zone. 2:51 of 1st period - Sammy Walker is hit by Patrick Maroon. 2:54 of 1st period - Aaron Ekblad is hit by Patrick Maroon and loses puck. 3:10 of 1st period - Icing by Janis Moser. 3:11 of 1st period - Andrei Kuzmenko wins face-off versus Patrick Maroon in SACRAMENTO BANDITS zone. 3:13 of 1st period - Rickard Rakell is hit by Rasmus Sandin and loses puck. 4:02 of 1st period - David Pastrnak is hit by Rasmus Sandin and loses puck. 4:24 of 1st period - Minor Penalty to Jeffrey Viel for Roughing. 4:25 of 1st period - Sammy Walker wins face-off versus Jonathan Huberdeau in REGINA FALCONS zone. 4:34 of 1st period - Shot by Jonathan Huberdeau. 4:34 of 1st period - Shot Blocked by Ivan Provorov. 5:06 of 1st period - Shot by Jonathan Huberdeau. 5:06 of 1st period - Shot Misses the Net. 5:08 of 1st period - Shot by Ryan McDonagh. 5:08 of 1st period - Deflect By David Perron. 5:08 of 1st period - Shot Misses the Net. 5:28 of 1st period - Shot by Patrick Kane. 5:28 of 1st period - Goal by Patrick Kane - SACRAMENTO BANDITS : 1 - REGINA FALCONS : 0. 5:29 of 1st period - Mark Scheifele wins face-off versus Greg Meireles in neutral zone. 5:42 of 1st period - Shot by Patrick Kane. 5:42 of 1st period - Shot Misses the Net. 5:44 of 1st period - Shot by Marcus Johansson. 5:44 of 1st period - Shot Misses the Net. 5:46 of 1st period - Shot by Patrick Kane. 5:46 of 1st period - Shot Misses the Net. 5:53 of 1st period - Off-side. 5:54 of 1st period - Eric Robinson wins face-off versus Eetu Luostarinen in neutral zone. 6:17 of 1st period - Shot by Christian Fischer. 6:17 of 1st period - Goal by Christian Fischer - SACRAMENTO BANDITS : 2 - REGINA FALCONS : 0. 6:18 of 1st period - Nico Hischier wins face-off versus Rickard Rakell in neutral zone. 6:31 of 1st period - Janis Moser is hit by Rickard Rakell and loses puck. 8:32 of 1st period - Marc-Edouard Vlasic is hit by Cole Smith and loses puck. 9:07 of 1st period - Shot by David Pastrnak. 9:07 of 1st period - Shot Misses the Net. 9:09 of 1st period - Shot by Rickard Rakell. 9:09 of 1st period - Deflect By David Pastrnak. 9:09 of 1st period - Stopped by Jaroslav Halak without a rebound. 9:10 of 1st period - Nico Hischier wins face-off versus Sammy Walker in SACRAMENTO BANDITS zone. 9:17 of 1st period - Shot by David Perron. 9:17 of 1st period - Stopped by Strauss Mann with a rebound. 9:26 of 1st period - Shot by Rasmus Sandin. 9:26 of 1st period - Stopped by Strauss Mann without a rebound. 9:27 of 1st period - Patrick Maroon wins face-off versus Rickard Rakell in REGINA FALCONS zone. 10:04 of 1st period - Shot by Rickard Rakell. 10:04 of 1st period - Deflect By Andrei Kuzmenko. 10:04 of 1st period - Stopped by Jaroslav Halak without a rebound. 10:04 of 1st period - Jaroslav Halak from SACRAMENTO BANDITS is injured at 10:04 of 1st period (Sore Left Knee). 10:04 of 1st period - Louis Domingue enters game. 10:05 of 1st period - Nico Hischier wins face-off versus Simon Ryfors in SACRAMENTO BANDITS zone. 10:20 of 1st period - Shot by Blake Wheeler. 10:20 of 1st period - Shot Blocked by John Klingberg. 10:22 of 1st period - Shot by Ryan McDonagh. 10:22 of 1st period - Goal by Ryan McDonagh - SACRAMENTO BANDITS : 3 - REGINA FALCONS : 0. 10:23 of 1st period - Mark Scheifele wins face-off versus Sammy Walker in neutral zone. 10:35 of 1st period - Off-side. 10:36 of 1st period - Nico Hischier wins face-off versus Simon Ryfors in neutral zone. 10:39 of 1st period - Shot by Blake Wheeler. 10:39 of 1st period - Shot Misses the Net. 10:41 of 1st period - Shot by Marc-Edouard Vlasic. 10:41 of 1st period - Shot Misses the Net. 10:45 of 1st period - Shot by David Perron. 10:45 of 1st period - Stopped by Strauss Mann without a rebound. 10:46 of 1st period - Blake Wheeler wins face-off versus Greg Meireles in REGINA FALCONS zone. 11:18 of 1st period - Shot by Max Jones. 11:18 of 1st period - Shot Hit the Post. 11:55 of 1st period - Shot by Mark Scheifele. 11:55 of 1st period - Deflect By Patrick Kane. 11:55 of 1st period - Shot Misses the Net. 11:57 of 1st period - Shot by Mark Scheifele. 11:57 of 1st period - Goal by Mark Scheifele - SACRAMENTO BANDITS : 4 - REGINA FALCONS : 0. 11:57 of 1st period - Cale Morris enters game. 11:58 of 1st period - Eetu Luostarinen wins face-off versus Rickard Rakell in neutral zone. 13:17 of 1st period - Shot by Patrick Kane. 13:17 of 1st period - Shot Misses the Net. 13:27 of 1st period - Shot by Mark Scheifele. 13:27 of 1st period - Stopped by Cale Morris with a rebound. 14:19 of 1st period - Minor Penalty to Ryan McDonagh for Hooking. 14:20 of 1st period - David Perron wins face-off versus Rickard Rakell in SACRAMENTO BANDITS zone. 14:45 of 1st period - Icing by Andrei Kuzmenko. 14:46 of 1st period - Mark Scheifele wins face-off versus Rickard Rakell in REGINA FALCONS zone. 14:49 of 1st period - Shot by Mark Scheifele. 14:49 of 1st period - Stopped by Cale Morris with a rebound. 14:52 of 1st period - Icing by Rickard Rakell. 14:53 of 1st period - Andrei Kuzmenko wins face-off versus Mark Scheifele in REGINA FALCONS zone. 14:55 of 1st period - Icing by David Pastrnak. 14:56 of 1st period - Rickard Rakell wins face-off versus Blake Wheeler in REGINA FALCONS zone. 15:07 of 1st period - Shot by Rickard Rakell. 15:07 of 1st period - Deflect By David Pastrnak. 15:07 of 1st period - Stopped by Louis Domingue without a rebound. 15:08 of 1st period - Simon Ryfors wins face-off versus David Perron in SACRAMENTO BANDITS zone. 15:18 of 1st period - Shot by Eric Robinson. 15:18 of 1st period - Stopped by Louis Domingue without a rebound. 15:19 of 1st period - Mark Scheifele wins face-off versus Rickard Rakell in SACRAMENTO BANDITS zone. 15:28 of 1st period - Marc-Edouard Vlasic is hit by David Pastrnak and loses puck. 17:11 of 1st period - Shot by Patrick Kane. 17:11 of 1st period - Shot Misses the Net. 17:13 of 1st period - Shot by Ryan McDonagh. 17:13 of 1st period - Stopped by Cale Morris without a rebound. 17:14 of 1st period - Cole Smith wins face-off versus Nico Hischier in REGINA FALCONS zone. 17:16 of 1st period - John Klingberg is hit by Blake Wheeler and loses puck. 18:45 of 1st period - Shot by David Pastrnak. 18:45 of 1st period - Shot Blocked by Marc-Edouard Vlasic. 18:55 of 1st period - Shot by Marcus Johansson. 18:55 of 1st period - Shot Misses the Net. 19:23 of 1st period - Shot by Eetu Luostarinen. 19:23 of 1st period - Shot Blocked by Marco Scandella. 19:23 of 1st period - Marco Scandella from REGINA FALCONS is injured at 19:23 of 1st period (Lower Body). 19:24 of 1st period - Greg Meireles wins face-off versus Patrick Maroon in REGINA FALCONS zone. Goals for this period are 4 for SACRAMENTO BANDITS vs 0 for REGINA FALCONS. Shots for this period are 15 for SACRAMENTO BANDITS vs 6 for REGINA FALCONS. 2nd period 0:01 of 2nd period - Nico Hischier wins face-off versus Rickard Rakell in neutral zone. 0:18 of 2nd period - Shot by David Perron. 0:18 of 2nd period - Stopped by Cale Morris with a rebound. 0:20 of 2nd period - Shot by Marc-Edouard Vlasic. 0:20 of 2nd period - Shot Blocked by John Klingberg. 1:01 of 2nd period - Icing by Rasmus Sandin. 1:02 of 2nd period - Mark Scheifele wins face-off versus Cole Smith in SACRAMENTO BANDITS zone. 2:17 of 2nd period - Shot by Christian Fischer. 2:17 of 2nd period - Shot Misses the Net. 2:41 of 2nd period - Blake Wheeler is hit by Cole Smith and loses puck. 2:45 of 2nd period - Icing by Ryan McDonagh. 2:46 of 2nd period - Nico Hischier wins face-off versus Rickard Rakell in SACRAMENTO BANDITS zone. 3:12 of 2nd period - Shot by Nico Hischier. 3:12 of 2nd period - Deflect By David Perron. 3:12 of 2nd period - Shot Misses the Net. 3:14 of 2nd period - Shot by Ryan McDonagh. 3:14 of 2nd period - Shot Misses the Net. 3:16 of 2nd period - Shot by Nico Hischier. 3:16 of 2nd period - Stopped by Cale Morris with a rebound. 3:18 of 2nd period - Shot by Blake Wheeler. 3:18 of 2nd period - Shot Misses the Net. 3:20 of 2nd period - Shot by Ryan McDonagh. 3:20 of 2nd period - Shot Misses the Net. 3:22 of 2nd period - Shot by Ryan McDonagh. 3:22 of 2nd period - Goal by Ryan McDonagh - SACRAMENTO BANDITS : 5 - REGINA FALCONS : 0. 3:23 of 2nd period - Greg Meireles wins face-off versus Mark Scheifele in neutral zone. 3:33 of 2nd period - Icing by Rasmus Sandin. 3:34 of 2nd period - Mark Scheifele wins face-off versus Sammy Walker in SACRAMENTO BANDITS zone. 4:05 of 2nd period - Shot by Mark Scheifele. 4:05 of 2nd period - Shot Blocked by Aaron Ekblad. 4:07 of 2nd period - Shot by Mark Scheifele. 4:07 of 2nd period - Shot Blocked by Aaron Ekblad. 4:40 of 2nd period - Shot by Blake Wheeler. 4:40 of 2nd period - Shot Blocked by Aaron Ekblad. 4:46 of 2nd period - Shot by Nico Hischier. 4:46 of 2nd period - Shot Misses the Net. 4:48 of 2nd period - Shot by Nico Hischier. 4:48 of 2nd period - Shot Blocked by Max Jones. 4:50 of 2nd period - Shot by Marc-Edouard Vlasic. 4:50 of 2nd period - Stopped by Cale Morris without a rebound. 4:51 of 2nd period - Eetu Luostarinen wins face-off versus Rickard Rakell in REGINA FALCONS zone. 5:10 of 2nd period - Shot by Eetu Luostarinen. 5:10 of 2nd period - Goal by Eetu Luostarinen - SACRAMENTO BANDITS : 6 - REGINA FALCONS : 0. 5:11 of 2nd period - Nico Hischier wins face-off versus Simon Ryfors in neutral zone. 6:22 of 2nd period - Shot by Rickard Rakell. 6:22 of 2nd period - Stopped by Louis Domingue without a rebound. 6:23 of 2nd period - Mark Scheifele wins face-off versus Greg Meireles in SACRAMENTO BANDITS zone. 6:23 of 2nd period - Mark Scheifele is hit by Jeffrey Viel. 6:26 of 2nd period - Icing by Patrick Kane. 6:27 of 2nd period - Mark Scheifele wins face-off versus Greg Meireles in SACRAMENTO BANDITS zone. 6:38 of 2nd period - Shot by Patrick Kane. 6:38 of 2nd period - Shot Misses the Net. 6:40 of 2nd period - Shot by Mark Scheifele. 6:40 of 2nd period - Shot Misses the Net. 6:46 of 2nd period - Shot by Patrick Kane. 6:46 of 2nd period - Shot Misses the Net. 6:48 of 2nd period - Shot by Janis Moser. 6:48 of 2nd period - Stopped by Cale Morris without a rebound. 6:49 of 2nd p